 Dungeon Crawl Stone Soup version 0.26.1-11-gd32895ea62 (webtiles) character file.

Game seed: 18124470955718747986

155 Kukuleta the Stinger (level 5, 0/28 HPs)
             Began as a Gargoyle Venom Mage on Aug 5, 2021.
             Killed from afar by an orc wizard (3 damage)
             ... with a magic dart
             ... on level 4 of the Dungeon on Aug 6, 2021.
             The game lasted 00:13:54 (2442 turns).

Kukuleta the Stinger (Gargoyle Venom Mage)          Turns: 2442, Time: 00:13:54

Health: 0/28       AC:  6    Str: 12    XL:     5   Next: 37%
Magic:  6/10       EV: 12    Int: 16    God:
Gold:   66         SH:  0    Dex: 10    Spells: 7/10 levels left

rFire    . . .     SeeInvis .   i - +0 dire flail
rCold    . . .     Faith    .   (shield currently unavailable)
rNeg     + . .     Spirit   .   a - +0 robe
rPois    ∞         Reflect  .   (no helmet)
rElec    +         Harm     .   (no cloak)
rCorr    .         Rampage  .   (no gloves)
Will     .....                  (no boots)
Stlth    ++........             (no amulet)
HPRegen  0.09/turn              (no ring)
MPRegen  0.12/turn              (no ring)

@: no status effects
A: negative energy resistance 1, electricity resistance, unbreathing,
petrification resistance, miasma immunity, AC +4
a: no special abilities


You were on level 4 of the Dungeon.
You visited 1 branch of the dungeon, and saw 4 of its levels.

You collected 66 gold pieces.

Inventory:

Hand Weapons
 g - a +0 club
 i - a +0 dire flail (weapon)
Armour
 a - a +0 robe (worn)
 e - a +0 pair of boots
Scrolls
 b - 3 scrolls of remove curse
 c - 2 scrolls of teleportation {unknown}
 d - 2 scrolls of enchant armour {unknown}
Potions
 f - a potion of cancellation {unknown}
 h - a potion of heal wounds {unknown}


   Skills:
 + Level 0.8 Maces & Flails
 - Level 1.5 Dodging
 - Level 2.1 Stealth
 + Level 3.3 Spellcasting
 - Level 0.7 Transmutations
 * Level 4.9 Poison Magic


You had 7 spell levels left.
You knew the following spells:

 Your Spells              Type           Power        Failure   Level
a - Sting                 Tmut/Pois      44%          6%          1
b - Poisonous Vapours     Pois/Air       20%          10%         2

Your spell library contained the following spells:

 Spells                   Type           Power        Failure   Level
 Olgreb's Toxic Radiance  Pois           18%          24%         4
 Ignite Poison            Fire/Tmut/Pois 8%           26%         3
 Mephitic Cloud           Conj/Pois/Air  7%           28%         3


Dungeon Overview and Level Annotations

Branches:
Dungeon (3/15)

Altars:
Makhleb
Uskayaw


Innate Abilities, Weirdness & Mutations

You are resistant to torment.
Your stone body is resilient. (AC +4)
You are immune to poison.
You resist negative energy. (rN+)
You are resistant to electric shocks. (rElec)
You can survive without breathing.
You are immune to petrification.
You are immune to miasma.


Message History

The orc wizard is heavily wounded.
The orc wizard points at you and mumbles some strange words.
The puff of flame hits you.
* * * LOW HITPOINT WARNING * * *
Casting: Sting (safe; 6% risk of failure)
Confirm with . or Enter, or press ? or * to list all spells.
Aiming: Sting (safe; 6% risk of failure)
Press: ? - help, Shift-Dir - straight line, f/p - orc wizard
Aim: an orc wizard, wielding a +0 dagger and wearing a +0 robe (heavily wounded, poisoned, 36% to evade)
The sting hits the orc wizard.
The orc wizard looks even sicker.
The orc wizard is severely wounded.
The orc wizard points at you and mumbles some strange words.
The puff of frost hits you.
* * * LOW HITPOINT WARNING * * *
The orc wizard casts a spell at itself.
The orc wizard flickers and vanishes!
Deactivating autopickup; reactivate with Ctrl-A.
A magic dart appears from out of thin air!
The magic dart hits you.
You die...

.. ...
###########
...#
#..oo{..@.#
....##
#.#######.#
...... #†##.###
.#
...##.##o#.....
..
....#.....>...#
.##
.............##
.#
#...8.8.8.#.###
.#
###............
?#
##.........###


You could see 2 orcs.

Vanquished Creatures
  A hound (D:2)
  An iguana (D:2)
  An orc wizard (D:4)
  A gnoll (D:1)
  An adder (D:2)
  A worm (D:2)
  3 dart slugs (D:2)
  3 leopard geckos
  An orc (D:2)
  A giant cockroach (D:2)
  5 hobgoblins
  3 jackals (D:4)
  5 kobolds
  6 bats
  3 frilled lizards
  4 goblins
  2 rats (D:2)
42 creatures vanquished.

Vanquished Creatures (others)
  16 plants (D:2)
16 creatures vanquished.

Grand Total: 58 creatures vanquished

Notes
Turn   | Place    | Note
-------+----------+-------------------------------------------
     0 | D:1      | Kukuleta the Gargoyle Venom Mage began the quest for the
                  | Orb.
     0 | D:1      | Reached XP level 1. HP: 10/10 MP: 3/3
   160 | D:1      | Reached XP level 2. HP: 10/15 MP: 1/5
   559 | D:1      | Learned a level 2 spell: Poisonous Vapours
   696 | D:1      | Reached XP level 3. HP: 19/19 MP: 2/6
  1290 | D:2      | Reached skill level 4 in Poison Magic
  1290 | D:2      | Reached XP level 4. HP: 8/24 MP: 4/8
  1535 | D:2      | Found a burning altar of Makhleb.
  1993 | D:2      | Reached XP level 5. HP: 25/28 MP: 6/9
  2388 | D:3      | You fall into a shaft and drop 1 floor!
  2388 | D:4      | Found a hide-covered altar of Uskayaw.
  2442 | D:4      | Killed from afar by an orc wizard

Illustrated notes

Levels and vault maps discovered:
D:1:      enne_arrival_octagon_isle, layout_basic
D:2:      layout_loops_ring, general_overflow_altar, serial_forest,
          infiniplex_forest_clump_large, infiniplex_forest_clump_double,
          infiniplex_forest_clump_large, infiniplex_forest_straight_4,
          infiniplex_forest_corner_1, infiniplex_forest_clump_curved,
          infiniplex_forest_straight_2, infiniplex_forest_straight_5,
          infiniplex_forest_lined_3
D:3:      layout_basic, lemuel_coloured_pillars_altar, lemuel_round_altar,
          lemuel_doored_altar, lemuel_crystal_altar
D:4:      layout_loops_corners, lightli_temple_of_fire,
          eat_drink_and_be_merry_uskayaw, st_stairs_9

Skill      XL: |  1  2  3 |
---------------+----------+-----
Spellcasting   | 3 |  3.3
Poison Magic   | 4 |  4.9
Maces & Flails | |  0.8
Dodging        | |  1.5
Stealth        | |  2.1
Transmutations | |  0.7

Action                   |  1- 3 |  4- 6 || total
-------------------------+-------+-------++-------
Melee: Unarmed           |     9 |       ||     9
       Club              |    16 |     8 ||    24
       Dire flail        |       |    36 ||    36
 Cast: Sting             |    42 |    20 ||    62
       Poisonous Vapours |       |    10 ||    10
  Use: Scroll            |       |     1 ||     1
Armor: Robe              |    24 |    19 ||    43
Dodge: Dodged            |    42 |    34 ||    76
